 Dungeon Crawl Stone Soup version 0.30-a0-711-gf4ac18a38d (webtiles) character file.

Game seed: 8427652529860978449

20 zinnoa the Magician (level 3, -1/25 HPs)
             Began as a Djinni Fire Elementalist on Jan 23, 2023.
             Slain by Ijyb
             ... wielding a +0 dagger
              (3 damage)
             ... on level 2 of the Dungeon.
             The game lasted 00:03:50 (1019 turns).

zinnoa the Magician (Djinni Fire Elementalist)      Turns: 1019, Time: 00:03:51

Health: -1/25      AC:  2    Str:  7    XL:     3   Next: 0%
Gold:   79         EV: 12    Int: 18    God:
                   SH:  0    Dex: 13

rFire   + + .      SeeInvis .    (no weapon)
rCold   x . .      Faith    .    (no shield)
rNeg    . . .      Spirit   .    a - +0 robe
rPois   ∞          Reflect  .    (no helmet)
rElec   .          Harm     .    (no cloak)
rCorr   .          Rampage  .    (no gloves)
Will    .....                    (boots unavailable)
Stlth   ++                       (no amulet)
HPRegen 0.24/turn                (no ring)
MPRegen 0.00/turn                (no ring)

@: flying, very slightly contaminated
A: sickness immunity, fire resistance 2, cold vulnerability 1, float, innate
caster, HP casting, extra vitality 1
a: no special abilities


You were on level 2 of the Dungeon.
You visited 1 branch of the dungeon, and saw 2 of its levels.

You collected 79 gold pieces.

Inventory:

Armour
 a - a +0 robe (worn)
Scrolls
 e - 2 scrolls of noise {unknown}
 g - 3 scrolls of enchant armour {unknown}
Potions
 b - a potion of magic
 c - a potion of attraction {unknown}
 d - 3 potions of degeneration {unknown}
 f - a potion of haste {unknown}


   Skills:
 + Level 2.2 Dodging
 + Level 1.8 Stealth
 + Level 3.0 Spellcasting


You couldn't memorise any spells.
You knew the following spells:

 Your Spells              Type           Power      Damage    Failure   Level
a - Foxfire               Conj/Fire      52%        2x1d6     4%          1
b - Scorch                Fire           26%        2d6       7%          2
c - Kindle Blastsparks    Fire/Tloc/Air  26%        2d12      14%         3
d - Inner Flame           Hex/Fire       13%        N/A       14%         3
e - Flame Wave            Conj/Fire      13%        2d6       43%         4
f - Magic Dart            Conj           52%        1d5       4%          1
Your spell library was empty.

Dungeon Overview and Level Annotations

Branches:
Dungeon (2/15)

Altars:

Shops:
D:1 (:[(=

Annotations:
D:2 Ijyb


Innate Abilities, Weirdness & Mutations

You are immune to sickness and miasma.
You are immune to poison.
Your flesh is very heat resistant. (rF++)
You are vulnerable to cold. (rC-)
You float through the air rather than walking.
You learn spells naturally, not from books.
Your magical power is your life essence.
You have superior vitality. (+4 MHP)


Message History

You kill the goblin!
Casting: Scorch (safe; 9% risk of failure)
Confirm with . or Enter, or press ? or * to list all spells.
Flames lash the goblin.
You kill the goblin!
Your Spellcasting skill increases to level 3!
Casting: Scorch (safe; 9% risk of failure)
Confirm with . or Enter, or press ? or * to list all spells.
Flames lash Ijyb.
Ijyb is lightly wounded.
Ijyb's fire resistance burns away.
Casting: Scorch (safe; 9% risk of failure)
Confirm with . or Enter, or press ? or * to list all spells.
You miscast Scorch.
You are very lightly contaminated with residual magic.
Nothing appears to happen.
Casting: Scorch (safe; 9% risk of failure)
Confirm with . or Enter, or press ? or * to list all spells.
Flames lash the goblin.
You kill the goblin!
You have reached level 3!
Your experience leads to an increase in your attributes!
Increase (S)trength, (I)ntelligence, or (D)exterity?
You feel clever. x2
The power to cast Magic Dart wells up from within.
Spell assigned to 'f'.
Casting: Scorch (safe; 7% risk of failure)
Confirm with . or Enter, or press ? or * to list all spells.
Flames lash Ijyb.
Ijyb is burned terribly!
Ijyb is severely wounded.
Ijyb hits you with a +0 dagger.
* * * LOW HITPOINT WARNING * * *
Casting: Scorch (safe; 7% risk of failure)
Confirm with . or Enter, or press ? or * to list all spells.
Flames lash the goblin.
You kill the goblin!
* * * LOW HITPOINT WARNING * * *
Ijyb screams, "You nasty!
Big nasty!"
Ijyb hits you with a +0 dagger.
You die...

#..# #....:..# ####..#
#8.....8# ...>..#
#.....g.# #.##...#
#8....g8# #..##...#
#.....).# ###..# #...###
#8....)8#####.(.# #.....#
.......)##....######.#.#.#
.......)g@.#...........#.#
..##########.#######.###.#
#.# #.# #.# #.# #.# #.#
#.#######.###.#
#.#...........#
#.#.#####.#####
#.#.#####.#####
..............#


You could see Ijyb (combustible).

Vanquished Creatures
  A dart slug (D:1)
  A bat (D:1)
  A hobgoblin (D:1)
  A kobold (D:1)
  3 ball pythons (D:1)
  A frilled lizard (D:1)
  9 goblins
17 creatures vanquished.

Vanquished Creatures (others)
  32 foxfires
32 creatures vanquished.

Grand Total: 49 creatures vanquished

Notes
Turn   | Place    | Note
-------+----------+-------------------------------------------
     0 | D:1      | zinnoa the Djinni Fire Elementalist began the quest for the
                  | Orb.
     0 | D:1      | zinnoa set off with the following spells memorised:
                  | Foxfire, Scorch, Kindle Blastsparks, Inner Flame, Flame
                  | Wave.
     0 | D:1      | Reached XP level 1. HP: 15/15 MP: 0/0
   132 | D:1      | Found Cuoxuzol's Antique Armour Emporium.
   266 | D:1      | Found Siqatari's Jewellery Shop.
   328 | D:1      | Reached XP level 2. HP: 11/21 MP: 0/0
   494 | D:1      | Found Fenkoun's Weapon Emporium.
   580 | D:1      | Found a faded altar of an unknown god.
   717 | D:1      | Found Pasynumo's Book Shop.
   722 | D:1      | Found Anowoafoj's Weapon Shoppe.
  1008 | D:2      | Noticed Ijyb
  1015 | D:2      | Reached skill level 3 in Spellcasting
  1018 | D:2      | Reached XP level 3. HP: 11/25 MP: 0/0
  1018 | D:2      | Learned a level 1 spell: Magic Dart
  1019 | D:2      | Slain by Ijyb

Illustrated notes

Levels and vault maps discovered:
D:1:      tarquinn_simple_flora_water_d, layout_basic, serial_shops,
          nicolae_lakefront_shop, nicolae_shop_crystal,
          nicolae_shop_statue_plus, shop, nicolae_shop_hallway_stairs,
          shapermc_ecumenical_altar_rom_forum, minmay_misc_feat_tiny,
          chequers_serial_rivers_micro_b, hangedman_abyss_or_decor_lesser_grid,
          minmay_three_crescents
D:2:      kennysheep_the_goblin_king, layout_basic, kennysheep_generic_room_6

Skill      XL: |  1  2 |
---------------+-------+-----
Spellcasting   | 3 |  3.0
Dodging        | |  2.2
Stealth        | |  1.8

Action                     || total
---------------------------++-------
  Melee: Unarmed           ||     8
   Cast: Foxfire           ||    28
         Scorch            ||     7
 Armour: Robe              ||     2
  Dodge: Dodged            ||    10

Table legend: (Time is in decaauts)
 A = Elapsed time spent in this place.
 B = Non-inter-level travel time spent in this place.
 C = Inter-level travel time spent in this place.
 D = Time resting spent in this place.
 E = Time spent auto-exploring this place.
 F = Levels seen in this place.
 G = Mean time per level.
                   A        B        C        D        E       F      G
               +--------+--------+--------+--------+--------+-----+--------+
         Total |   1018 |    968 |     50 |     35 |    764 |   2 |  509.0 |
       Dungeon |   1018 |    968 |     50 |     35 |    764 |   2 |  509.0 |
               +--------+--------+--------+--------+--------+-----+--------+

Top non-repeatable levels by time:
     D:1: 947 daAuts
     D:2: 71 daAuts
